cohdb
Replays
Latest Replays
All Replays
Popular Replays
Top Player Replays
Match Explorer
How It Works
Community
CoH3 Stats
Reddit
Sign in to upload your games and track your stats! →
Sign in with Steam
Match 41989549
Unlisted
Match 41989549
Overview
Messages
Build Orders
End
Pioneer Squad
Construct Infanterie Kompanie
MG 42 Machine Gun Team
Grenadier Squad
Grenadier Squad
Construct Luftwaffe Kompanie
221 Scout Car
Jäger Squad
221 Scout Car
Selects Breakthrough Battlegroup
Selects Rapid Production
Selects Assault Grenadiers
Support Elements
Marder III M Tank Destroyer
Marder III M Tank Destroyer
Wirbelwind Flakpanzer
Kettenkrad Recon Vehicle
Jäger Squad
Luftwaffe Officer Quarters
MG 42 Machine Gun Team
Selects Blitzkrieg
Marder III M Tank Destroyer
Unsafe
communist cat
pwalkerwise
Köfte
HeroSandwich
sirlobin
markaren
Coleslaw
0
0
Comments
sign in to comment!
No comments posted yet!